[Event "*** Titled Tuesday Blitz"]
[Site "Chess.com"]
[Date "2020.05.05"]
[Round "1"]
[White "DinaBelenkaya"]
[Black "crywolf1986"]
[Result "1-0"]
[WhiteElo "2134"]
[BlackElo "2491"]
[TimeControl "180+1"]
[EndTime "10:09:28 PDT"]
[Termination "DinaBelenkaya won by resignation"]

1. e4 c6 2. d4 d5 3. Nc3 dxe4 4. Nxe4 Bf5 5. Ng3 Bg6 6. h4 h6 7. Nf3 Nd7 8. h5 Bh7 9. Bd3 Bxd3 10. Qxd3 e6 11. Bd2 Qc7 12. O-O-O O-O-O 13. Ne4 Ngf6 14. c4 Nc5 15. Nxc5 Bxc5 16. Bc3 Bd6 17. Kb1 c5 18. Qe2 cxd4 19. Nxd4 a6 20. Rc1 Qc5 21. Rc2 Bc7 22. Nb3 Qf5 23. f3 Qd3 24. Qf2 Kb8 25. Nc5 Qf5 26. g4 Nxg4 27. fxg4 Qxg4 28. Qe2 Qg5 29. Ne4 Qf5 30. Rf1 Qh3 31. Bxg7 Rhg8 32. Bxh6 Rd4 33. Nf6 Rgd8 34. Be3 Rh4 35. h6 Be5 36.
Bg5 Bxf6 37. Bxf6 Rhd4 38. Bxd8 Rxd8 39. Qe5+ Ka7 40. Qf6 Rd3 41. Qf2+ Ka8 42. Qxf7 Qxh6 43. Qf8+ Qxf8 44. Rxf8+ Ka7 45. b3 Rd1+ 46. Kb2 Rd6 47. Re8 Rc6 48. Re2 Rc7 49. R8xe6 Rd7 50. Kc3 Rd1 51.
Re7 Rc1+ 52. Kb2 Rd1 53. Rf7 Rd6 54. Ree7 Kb6 55. Rxb7+ Kc5 56. Rfc7+ Kd4 57. Kc2 Rh6 58. Rd7+ Kc5 59. Rbc7+ Kb4 60. Ra7 a5 61. Rab7+ Ka3 62. Rb5 a4 63. Ra5 Rh2+ 64. Kd3 Kxa2 65. Rxa4+ Kxb3 66. Raa7 Rh3+ 67. Kd4 Rh1 68. Rdb7+ Kc2 69. c5 Rh4+ 70. Kd5 Rh6 71. c6 Rh5+ 72. Kd6 Rh8 73.
c7 Rh7 74. Rb8 Rh6+ 75. Kc5 Kd3 76. Kb5 Rh5+ 77. Kb4 Rh6 78. Kb3 Rb6+ 79. Rxb6 Kd2 80. c8=Q Ke1 81. Rd7 Kf2 82. Re6 Kg1 83. Rf7 1-0

[Event "*** Titled Tuesday Blitz"]
[Site "Chess.com"]
[Date "2020.05.05"]
[Round "1"]
[White "GMNeiksans"]
[Black "Omk124"]
[Result "1/2-1/2"]
[WhiteElo "2774"]
[BlackElo "2411"]
[TimeControl "180+1"]
[EndTime "10:09:30 PDT"]
[Termination "Game drawn by agreement"]

1. e4 c5 2. Nf3 d6 3. Bb5+ Bd7 4. Bxd7+ Qxd7 5. c4 Nf6 6. Nc3 g6 7. d4 cxd4 8. Nxd4 Bg7 9. f3 O-O 10. Be3 Nc6 11.
b3 e6 12. O-O Rac8 13. Rc1 Rfe8 14. Qd2 a6 15. Na4 Nxd4 16. Nb6 Qc7 17. Bxd4 Rcd8 18.
Be3 Nd7 19. Nxd7 Rxd7 20. Rfd1 Rc8 21. Kh1 Rdd8 22. Bg5 Rd7 23. h3 Qb6 24. Qe2 Rdc7 25. Rc2 h5 26. Bf4 Rc6 27. Rcd2 Bf8 28. g4 hxg4 29.
hxg4 e5 30. Bg5 Bg7 31. Kg2 f6 32. Be3 Qc7 33. a4 Kf7 34. Rh1 Qb8 35. Bf2 Rh8 36. Rxh8 Qxh8 37. Qd1 Qb8 38. Rd5 Qc7 39. Qd3 Ke7 40.
Be3 Qc8 41. Qd1 f5 42. Bg5+ Kf7 43. gxf5 gxf5 44. Qh1 fxe4 45. Qh5+ Kg8 46. fxe4 Qe6 47. Rd3 Rc7 48. Rh3 Rf7 49. Rg3 Kf8 50. Be3 Qf6 51. Rf3 Qxf3+ 52. Qxf3 Rxf3 53. Kxf3 Ke7 54. Kg4 Ke6 55.
Kg5 Bf6+ 56. Kg6 Bd8 57. Bg5 Ba5 58. Kg7 Bb4 59. Kg6 Bc5 60. Bd2 b6 61. Bc3 a5 62.
Bd2 Ba3 63. Kg5 Bc5 64. Kg4 Bd4 65. Bg5 Bc5 66. Bd8 Bd4 67. Bg5 Bc5 68. Kh5 Bd4 69. Kg6 Bc5 70. Bf6 Bd4 71. Bh4 Bc5 72. Kg7 Bd4 73.
Kf8 Kd7 74. Kf7 Bc5 75. Bf6 Bd4 76. Bg7 Bc5 77. Bh6 Bd4 78. Bd2 Bc5 79. Be1 Bd4 80.
b4 axb4 81. Bxb4 Be3 82. Kf6 Bd4 83. Kf5 Be3 84. Kg4 Ke6 85. Kf3 Bd4 86. Ke2 Kd7 87. Bd2 Kc6 88. Bb4 Bg1 89. Kd3 Bd4 90. Ba3 Bg1 91. Bb4 Bd4 92. Kc2 Be3 93. Kb3 Bd4 94. Bd2 Bc5 95. Bc3 Be3 96. Bb4 1/2-1/2

[Event "*** Titled Tuesday Blitz"]
[Site "Chess.com"]
[Date "2020.05.05"]
[Round "1"]
[White "Bodnar_Mykola"]
[Black "obliviate12"]
[Result "1-0"]
[WhiteElo "2432"]
[BlackElo "2787"]
[TimeControl "180+1"]
[EndTime "10:09:32 PDT"]
[Termination "Bodnar_Mykola won by checkmate"]

1. d4 Nf6 2. c4 e6 3. Nf3 d5 4.
Nc3 Bb4 5. Qa4+ Nc6 6. e3 O-O 7.
Bd2 dxc4 8. Bxc4 Bd6 9. e4 e5 10. d5 Nd4 11. Qd1 Bg4 12. Be2 Nxe2 13. Qxe2 a6 14.
h3 Bd7 15. O-O h6 16. a4 Qe7 17. Be3 Nh5 18. Nd2 Qh4 19. Nc4 f5 20. exf5 Bxf5 21. Nxd6 cxd6 22. g4 Bd7 23. gxh5 Bxh3 24. f3 Rf5 25. Rf2 Rxh5 26. Rh2 Qg3+ 27. Kh1 Rf8 28. Ne4 Qxf3+ 29. Qxf3 Rxf3 30. Re1 Rhf5 31. Nf2 Rh5 32. Rxh3 Rhxh3+ 33. Nxh3 Rxh3+ 34. Kg2 Rh4 35. Rc1 Rxa4 36. Rc7 Rb4 37. Kf3 Rxb2 38. Rd7 Rb5 39. Rxd6 Kf7 40.
Rd7+ Ke8 41. Rxg7 Rxd5 42. Rxb7 Rd7 43. Rb6 Kf7 44. Rxa6 e4+ 45. Kxe4 Re7+ 46. Kf3 Rd7 47. Bf4 Re7 48. Kg4 Re6 49. Ra7+ Kg6 50. Ra8 h5+ 51.
Kf3 Kf5 52. Rf8+ Rf6 53. Rh8 Kg6 54. Rh6+ Kg7 55. Rxh5 Kg6 56. Rb5 Re6 57. Kg4 Kf7 58.
Kf5 Rf6+ 59. Kg5 Rg6+ 60. Kf5 Rf6+ 61. Ke5 Re6+ 62. Kd5 Re2 63. Be5 Kg6 64. Rb1 Kf5 65. Rf1+ Kg5 66. Ke6 Kh5 67. Rg1 Rf2 68. Bf6 Kh6 69.
Rg4 Kh5 70. Rg5+ Kh6 71. Kf7 Rf1 72. Rg4 Rf5 73. Ke6 Rf3 74. Kf7 Rf5 75. Rc4 Kh5 76.
Rh4# 1-0

[Event "*** Titled Tuesday Blitz"]
[Site "Chess.com"]
[Date "2020.05.05"]
[Round "1"]
[White "Gordima"]
[Black "Orest_Vovk"]
[Result "1/2-1/2"]
[WhiteElo "2793"]
[BlackElo "2423"]
[TimeControl "180+1"]
[EndTime "10:09:37 PDT"]
[Termination "Game drawn by repetition"]

1. d4 Nc6 2. Nf3 e6 3. e4 Nf6 4. Bd3 Nb4 5. O-O Nxd3 6. Qxd3 d6 7. Bg5 Be7 8. Nbd2 O-O 9. Rfe1 h6 10. Bh4 Nh7 11.
Bg3 Bd7 12. e5 d5 13. a3 c5 14. dxc5 Bxc5 15. Nb3 Bb6 16. Nbd4 Ng5 17. Nd2 Bxd4 18.
Qxd4 Qb6 19. Qxb6 axb6 20. f3 Rfc8 21. Rac1 Ba4 22. c3 Bb5 23. Bf2 Rc6 24. Nb3 Bc4 25. Nd4 Rc7 26. h4 Nh7 27. g4 Rac8 28. Be3 Nf8 29.
Kh2 Nd7 30. Rg1 Nc5 31. f4 Nd3 32. Rc2 Nc5 33. h5 Ne4 34. Rcg2 Bd3 35. Rd1 Bc4 36.
g5 hxg5 37. fxg5 g6 38. Rg4 gxh5 39. Rh4 Kg7 40. Rxh5 Rh8 41. Rxh8 Kxh8 42. Kg2 Kg7 43. Rh1 Rc8 44. Rh6 Rh8 45. Kf3 Rxh6 46. gxh6+ Kg6 47. Bf4 Nc5 48. Kg4 Nd3 49. Nf3 Nxf4 50. Kxf4 Kxh6 51.
Nh2 Be2 52. Ke3 Bd1 53. Nf1 Kg5 54. Kd4 Kf4 55. Ne3 Be2 56. Ng2+ Kg3 57. Ne3 Kf4 58. Ng2+ Kg3 59. Ne3 Kf3 60. Nc2 Kf4 61. Nb4 Kf5 62. Nc2 f6 63. Ne3+ Kg6 64. exf6 Kxf6 65. Nc2 Bc4 66.
Nb4 e5+ 67. Ke3 Ke6 68. Nc2 Kd6 69. Ne1 Bb3 70. Nf3 Bd1 71. Nh4 Bh5 72. Nf5+ Kc5 73.
Ng7 d4+ 74. cxd4+ exd4+ 75. Kd2 Bg6 76. Ne6+ Kc4 77. Nd8 Be4 78. Ne6 b5 79. Nf4 Bf5 80.
Kc1 b4 81. axb4 Kxb4 82. Nd5+ Kc4 83. Nf4 b5 84. Ne2 b4 85. Ng3 Bg6 86. Nf1 Kd3 87.
Nd2 Ke2 88. Nb3 d3 89. Nd2 Bf7 90. Nb1 Bd5 91. Nd2 Ba2 92. Ne4 Bd5 93. Nd2 Bf3 94. Nb1 Bd5 95. Nd2 1/2-1/2

[Event "*** Titled Tuesday Blitz"]
[Site "Chess.com"]
[Date "2020.05.05"]
[Round "1"]
[White "Kaponov"]
[Black "Sanyura"]
[Result "0-1"]
[WhiteElo "2063"]
[BlackElo "2494"]
[TimeControl "180+1"]
[EndTime "10:09:37 PDT"]
[Termination "Sanyura won by checkmate"]

1. e4 c5 2. c3 d5 3. exd5 Qxd5 4. d4 Nc6 5. Nf3 Bg4 6. Be2 Nf6 7.
Be3 cxd4 8. cxd4 e6 9. Nc3 Qd6 10. O-O Be7 11. h3 Bh5 12. Qb3 O-O 13. Rfd1 Qb4 14.
Qxb4 Nxb4 15. Rac1 Nfd5 16. a3 Nxc3 17. Rxc3 Nd5 18. Rcc1 Rac8 19. g4 Bg6 20. Bc4 Nb6 21. Bb3 Be4 22. Ne5 Bd6 23. Nc4 Nxc4 24. Bxc4 Bf3 25. Re1 Rc7 26. Bf1 Rxc1 27. Rxc1 Rd8 28. Bg2 Bxg2 29. Kxg2 f6 30. Kf3 Kf7 31. Ke4 g6 32. f3 f5+ 33. Kd3 Rd7 34. Rc8 Be7 35. Kc3 Bf6 36. a4 f4 37. Bf2 e5 38. dxe5 Bxe5+ 39.
Kc2 Ke6 40. Re8+ Kd5 41. Rc8 b6 42. b3 Ke6 43. Rc6+ Kd5 44. Rc8 Bc7 45. Ra8 Bd6 46.
Rc8 Re7 47. Kd3 Be5 48. Rd8+ Bd6 49. Rc8 Rd7 50. Rc4 Be5 51. Rc8 Bc7 52. Re8 Be5 53. Rc8 Ke6+ 54. Kc2 Bc7 55. Re8+ Kd5 56. Kd3 Bd6 57. Rc8 Be5 58. Rc1 Ke6+ 59. Ke4 Bd6 60. Rd1 Rc7 61. Rd4 Rc3 62. Rd3 Rc2 63. Bd4 g5 64.
Rc3 Re2+ 65. Kd3 Rh2 66. Kc4 a6 67. Bxb6 Be5 68. Rd3 Rc2+ 69. Kb4 Rc6 70. Bc5 Bc7 71. a5 Be5 72. Kc4 Rc8 73. Rd5 Rc7 74. b4 Rc8 75. b5 axb5+ 76. Kxb5 Kxd5 77. a6 Rxc5+ 78. Kb6 Rc6+ 79. Kb7 Bd4 80. h4 Rb6+ 81. Kc8 Rxa6 82. Kd7 Ra7+ 83. Ke8 Ke6 84. Kf8 Ra8# 0-1

[Event "*** Titled Tuesday Blitz"]
[Site "Chess.com"]
[Date "2020.05.05"]
[Round "1"]
[White "Rsnr"]
[Black "woodhy"]
[Result "1/2-1/2"]
[WhiteElo "2710"]
[BlackElo "2381"]
[TimeControl "180+1"]
[EndTime "10:09:39 PDT"]
[Termination "Game drawn by repetition"]

1. d4 d5 2. c4 c6 3. Nf3 Nf6 4. Nc3 g6 5. Bf4 Bg7 6. e3 O-O 7.
h3 dxc4 8. Bxc4 b5 9. Bd3 Nd5 10. Bg3 b4 11. Ne4 Nd7 12. O-O a5 13. Rc1 Qb6 14. Qc2 Ba6 15. Bxa6 Rxa6 16. Nc5 Nxc5 17. Qxc5 Re8 18. Qxb6 Rxb6 19. Rc5 a4 20. Rfc1 a3 21. bxa3 bxa3 22. Ra5 Bh6 23. Rxa3 Rb2 24.
Ne5 Nb4 25. Nxc6 Nxa2 26. Ra1 Nb4 27. Ne5 Nc2 28. R3a2 Reb8 29. Rxb2 Rxb2 30. Ra8+ Kg7 31. Nc4 Rb4 32. Rc8 Bg5 33. Rc7 h5 34. Be5+ Bf6 35. g4 hxg4 36. hxg4 Ne1 37. Bxf6+ Kxf6 38. Kf1 Rb1 39.
Ke2 Ng2 40. Ne5 Rb2+ 41. Kf3 Nh4+ 42. Kg3 g5 43. Rc6+ Kg7 44. Rc7 Kf6 45. Nd3 Rb1 46.
Rc6+ Kg7 47. Rc1 Rb3 48. Ne5 f6 49. Nc6 Kf7 50. Nd8+ Ke8 51. Ne6 Kf7 52. Rc6 Rb1 53. f4 Rg1+ 54. Kf2 Rxg4 55. fxg5 fxg5 56. Nc5 Rg2+ 57.
Kf1 Ra2 58. Nd3 Nf3 59. Rc5 g4 60. Ne5+ Nxe5 61. Rxe5 Kf6 62. e4 g3 63. Rf5+ Kg6 64. Kg1 Ra4 65. Rd5 e6 66. Rd6 Kf7 67. Kg2 Ra3 68. Rd8 Re3 69. e5 Ke7 70. Rd6 Rd3 71.
Kh3 Kf7 72. Rd7+ Kg6 73. Re7 Kf5 74. Rf7+ Kg5 75. Rd7 Kf5 76. Rf7+ Ke4 77. Rf6 Kd5 78. Kg2 Rxd4 79. Kxg3 Kxe5 80. Rf1 Rd3+ 81. Kf2 Kd4 82. Ke2 e5 83. Rh1 Re3+ 84. Kd2 Rg3 85. Rh2 Ra3 86.
Rh8 Ra2+ 87. Ke1 Ke3 88. Rh3+ Kd4 89. Rb3 e4 90. Rh3 Ke5 91. Rb3 Kf4 92. Rc3 Rb2 93. Ra3 Rc2 94. Rb3 Ra2 95. Rc3 Rh2 96. Rb3 Rh1+ 97.
Ke2 Rh2+ 98. Ke1 Ra2 1/2-1/2

[Event "*** Titled Tuesday Blitz"]
[Site "Chess.com"]
[Date "2020.05.05"]
[Round "1"]
[White "lucliasco"]
[Black "SmirnovAlexandrA"]
[Result "1-0"]
[WhiteElo "2659"]
[BlackElo "2328"]
[TimeControl "180+1"]
[EndTime "10:09:42 PDT"]
[Termination "lucliasco won by resignation"]

1. d4 Nf6 2. Nf3 g6 3. Bf4 Bg7 4. e3 O-O 5. h3 d6 6. Be2 Nbd7 7. O-O c5 8. c4 Ne4 9. Nc3 Nxc3 10. bxc3 Nf6 11. Bd3 Bd7 12. a4 Qa5 13. Qc2 Rac8 14. e4 cxd4 15. cxd4 d5 16. exd5 Nxd5 17. Bd2 Qd8 18.
Qb3 Nc7 19. Rfe1 b6 20. a5 Ne6 21. axb6 axb6 22. Be3 Bc6 23. d5 Bxa1 24. Rxa1 Nc5 25. Bxc5 bxc5 26. dxc6 Rxc6 27. Re1 Rd6 28. Be4 Qc7 29. Qe3 Rfd8 30. h4 Rd1 31. g3 Rxe1+ 32. Qxe1 Qd6 33. Kg2 Kg7 34. h5 f6 35. hxg6 hxg6 36.
Nh4 f5 37. Bxf5 Qf6 38. Bxg6 Rd4 39. Bb1 Rxc4 40. Nf5+ Kf8 41. Ne3 Rd4 42. Ba2 Qc6+ 43. Kg1 c4 44. Qc3 Qe4 45. Bxc4 Qb1+ 46. Bf1 Qe4 47. Qc8+ Kf7 48. Qf5+ Qxf5 49. Nxf5 Ra4 50. Ne3 Ra1 51. Kg2 Ra3 52. Bc4+ Kf6 53. Be2 Rc3 54.
g4 Ra3 55. Kf3 e5 56. Bc4 Ra4 57. Bd5 Rd4 58. Be4 Ra4 59. Nf5 Kg5 60. Ng3 Ra3+ 61. Kg2 Kxg4 62. Bc6 Kf4 63. Ne2+ Kg5 64. f3 Ra2 65.
Kf2 Rc2 66. Be4 Rb2 67. Ke3 Rb3+ 68. Bd3 Rb2 69. Ng3 Rb4 70. Ne4+ Kg6 71. Nc5+ Kf6 72. Be4 Rc4 73. Nd3 Rc3 74. Kd2 Ra3 75. Ke2 Kg5 76. Kf2 Ra2+ 77. Kg3 Ra5 78. Nf2 Rb5 79.
Bd3 Ra5 80. Ne4+ Kg6 81. Kg4 Kh6 82. Bf1 Kg6 83. Bh3 Kf7 84. Kf5 Ke7 85. Bg4 Kd7 86. Kf6+ Kc6 87. Bf5 Kd5 88. Ng5 Kd4 89. Be4 Ke3 90.
Kf5 Kd4 91. Nf7 Rb5 92. Nd8 Rc5 93. Ne6+ Kc4 94. Nxc5 Kxc5 95. Kxe5 1-0

[Event "*** Titled Tuesday Blitz"]
[Site "Chess.com"]
[Date "2020.05.05"]
[Round "1"]
[White "Baby_Legs"]
[Black "SharapovEvgeny"]
[Result "1-0"]
[WhiteElo "2680"]
[BlackElo "2346"]
[TimeControl "180+1"]
[EndTime "10:09:51 PDT"]
[Termination "Baby_Legs won on time"]

1. d4 d5 2. c4 c6 3. Nf3 Nf6 4. e3 Bg4 5. h3 Bxf3 6. Qxf3 e6 7. Nc3 Nbd7 8. a3 Bd6 9. g4 h6 10. Bd2 Qe7 11. h4 Nf8 12. O-O-O O-O-O 13. c5 Bc7 14. b4 e5 15. b5 e4 16. Qe2 Kd7 17. Bh3 Ne6 18.
bxc6+ bxc6 19. Qa6 g5 20. Kc2 Rb8 21. Rb1 gxh4 22. Rb4 Ng5 23. Bf1 Nxg4 24. Nxd5 cxd5 25.
Bb5+ Kd8 26. Rhb1 Qe6 27. Bc6 Ke7 28. Qxa7 Rxb4 29. Qxc7+ Kf6 30. axb4 Kg7 31. b5 Nxf2 32. b6 Rc8 33. Qe5+ Qxe5 34. dxe5 h3 35. b7 Rb8 36.
Ba5 h2 37. Bc7 Rxb7 38. Bxb7 Nf3 39. e6 fxe6 40. c6 h1=Q 41. Rxh1 Nxh1 42. Bd6 d4 43. exd4 Nxd4+ 44. Kd2 Nxc6 45. Bxc6 Nf2 46. Ke3 Ng4+ 47. Kxe4 Kf7 48. Kf4 Nf6 49. Be5 Nd5+ 50. Kg4 Nf6+ 51.
Kh4 Kg6 52. Ba4 Kf5 53. Bb8 e5 54. Bc2+ e4 55. Kg3 h5 56. Kh4 Nd5 57. Kxh5 Nb4 58.
Bb1 Nd3 59. Kh4 Nf4 60. Kg3 Nd5 61. Kf2 Nc3 62. Bc2 Nd5 63. Ke2 Nb4 64. Bb1 Nd5 65. Kd2 Nb4 66. Ke3 Nd5+ 67. Kd4 Nf6 68. Ba2 Ng4 69.
Bd5 Nf6 70. Bb7 Ke6 71. Bg3 Kf5 72. Bc8+ Kg5 73. Ke3 Kg6 74. Bb8 Nd5+ 75. Kxe4 Nf6+ 76. Kf3 Kf7 77. Kf4 Ne8 78. Be5 Ng7 79.
Ke4 Ne6 80. Kf5 Ng7+ 81. Kg4 Ne6 82. Ba6 Ng7 83. Bc4+ Kg6 84. Bd3+ Kf7 85. Bc3 Ne6 86. Bc4 Ke7 87. Kf5 Nd8 88. Bb4+ Kd7 89. Bb5+ Kc7 90. Ba5+ Kc8 91. Ke5 Nb7 92. Ba6 Kb8 93. Bb6 1-0

[Event "*** Titled Tuesday Blitz"]
[Site "Chess.com"]
[Date "2020.05.05"]
[Round "1"]
[White "Mikozovna"]
[Black "viktorskliarov"]
[Result "1/2-1/2"]
[WhiteElo "2256"]
[BlackElo "2575"]
[TimeControl "180+1"]
[EndTime "10:09:51 PDT"]
[Termination "Game drawn by stalemate"]

1. e4 c5 2. Nf3 Nc6 3. d4 cxd4 4.
Nxd4 Nf6 5. Nc3 e5 6. Ndb5 d6 7. Bg5 a6 8. Na3 b5 9. Nd5 Be7 10. Bxf6 Bxf6 11. c3 O-O 12. Nc2 Rb8 13. a4 bxa4 14.
Ncb4 Nxb4 15. Nxb4 Bd7 16. Bxa6 Qa5 17. Be2 Rxb4 18.
cxb4 Qxb4+ 19. Qd2 Qxe4 20. O-O Be7 21. Bf3 Qh4 22.
Rfd1 Rb8 23. g3 Qf6 24. Bg2 g6 25. Rdc1 Kg7 26. Rc7 Be8 27. Rac1 Bd8 28. Rc8 Rxc8 29.
Rxc8 Bd7 30. Rc1 h5 31. Bc6 Be6 32. Qxd6 Bb6 33. Qd2 Bb3 34. Be4 Bd4 35. Rc6 Qe7 36.
Qd3 f5 37. Bxf5 gxf5 38. Qxf5 Bf7 39. Ra6 Bxb2 40. Rxa4 Bd4 41. Ra6 Qd8 42. Rc6 Qe7 43.
g4 hxg4 44. Qxg4+ Kh7 45. Qh3+ Kg7 46. Qh6+ Kg8 47. Rc8+ Be8 48. Qg6+ Kf8 49. Qf5+ Qf7 50. Qxf7+ Kxf7 51. Rc7+ Kf6 52. Kg2 Bg6 53. Kg3 Kg5 54.
h4+ Kh6 55. Rc6 Kh5 56. Rd6 Bc3 57. Rd8 Kh6 58. Rh8+ Kg7 59. Rb8 e4 60. Rb7+ Kh6 61.
Kg4 Bh5+ 62. Kh3 Bd4 63. Rd7 Bxf2 64. Rd6+ Bg6 65. Kg4 Kg7 66. h5 Bf7 67. h6+ Kh7 68.
Rf6 Bd5 69. Rxf2 Kxh6 70. Re2 e3 71. Rxe3 Kg7 72. Kf4 Bf7 73. Ke5 Kh8 74. Rg3 Bg8 75. Kf6 Bh7 76. Kf7 Be4 77. Kf6 Bh7 78. Kg5 Bg8 79.
Kh6 Bh7 80. Rg7 Be4 81. Re7 Bd5 82. Re8+ Bg8 83. Re5 Bf7 84. Rg5 Bg8 85. Rg7 Be6 86. Re7 Bg8 87. Kg5 Bh7 88. Kf6 Bg8 89. Rd7 Bh7 90. Kf7 Bg8+ 91. Kf8 Bh7 92. Rd6 Bg8 93. Rg6 Bh7 94. Rg5 Be4 95. Rg3 Bf5 96. Rf3 Bh7 97. Rh3 1/2-1/2

[Event "*** Titled Tuesday Blitz"]
[Site "Chess.com"]
[Date "2020.05.05"]
[Round "1"]
[White "ninullia"]
[Black "vugarrasulov"]
[Result "1/2-1/2"]
[WhiteElo "2425"]
[BlackElo "2791"]
[TimeControl "180+1"]
[EndTime "10:10:30 PDT"]
[Termination "Game drawn by repetition"]

1. d4 Nf6 2. c4 e6 3. Nf3 b6 4. g3 Bb7 5. Bg2 Be7 6. O-O O-O 7.
d5 exd5 8. Nh4 c6 9. cxd5 Nxd5 10. Nf5 Nc7 11. e4 d5 12. exd5 Nxd5 13. Nc3 Nxc3 14. Qg4 Bf6 15. bxc3 Nd7 16. Bf4 Ne5 17. Bxe5 Bxe5 18.
Rad1 Qf6 19. Nd6 Bxd6 20. Qd7 Bc5 21. Qxb7 Qxc3 22. Bxc6 Rab8 23. Qd7 h5 24. Bd5 h4 25.
Rd3 Qf6 26. Rf3 Qg6 27. Rd1 a5 28. Kg2 Qh5 29. Rdd3 h3+ 30. Qxh3 Qxh3+ 31. Kxh3 Rbe8 32. Bc4 Re7 33. Kg2 g6 34. a4 Kg7 35. h4 f5 36. Bb5 Rf6 37. Rd5 Rc7 38. Rfd3 f4 39. Rd7+ Rxd7 40. Rxd7+ Kf8 41. Rd8+ Ke7 42. Rd3 fxg3 43.
fxg3 Rf2+ 44. Kh3 Rb2 45. g4 Rb4 46. h5 Kf6 47. hxg6 Kxg6 48. Rf3 Bd6 49. Be8+ Kg7 50. Kh4 Re4 51. Bb5 Be7+ 52. Kg3 Bc5 53. Rd3 Re1 54. Kh4 Be7+ 55. Kg3 Bc5 56. Kf3 Kf6 57. Rc3 Kg5 58. Rd3 Rf1+ 59. Kg2 Rg1+ 60. Kf3 Kh4 61. Bd7 Rg3+ 62. Ke2 Rg2+ 63. Kd1 Rf2 64. Rd5 Bb4 65. Rh5+ Kg3 66. Rd5 Rf7 67. g5 Rg7 68. Be8 Kf3 69. g6 Ke4 70. Rd7 Rxd7+ 71. Bxd7 Bc3 72. Bb5 Bg7 73.
Kc2 Kd4 74. Kb3 Kc5 75. Kc2 Kd4 76. Kd2 Ke4 77. Ke2 Kf5 78. Bd3+ Ke5 79. Kf3 Bh6 80. Bb5 Kf5 81. Bd3+ Ke5 82. Kg4 Bg7 83. Kg5 Ke6 84. Bc4+ Ke5 85. Bb5 Ke6 86. Bd3 Ke7 87. Bc4 Kf8 88.
Kf5 Ke7 89. Bb5 Bf6 90. Bc4 Bg7 91. Bb5 Bf6 92. Bc4 Bg7 1/2-1/2

[Event "*** Titled Tuesday Blitz"]
[Site "Chess.com"]
[Date "2020.05.05"]
[Round "1"]
[White "vanyakuba"]
[Black "penguingm1"]
[Result "1/2-1/2"]
[WhiteElo "2437"]
[BlackElo "2822"]
[TimeControl "180+1"]
[EndTime "10:10:34 PDT"]
[Termination "Game drawn by agreement"]

1. e4 e5 2. Nf3 Nc6 3. Bb5 a6 4. Ba4 Nf6 5. d3 d6 6. c3 g6 7. h3 Bg7 8. O-O O-O 9. Re1 b5 10. Bb3 Na5 11. Bc2 c5 12. d4 exd4 13. cxd4 cxd4 14.
Nxd4 Bb7 15. Nd2 Re8 16. b4 Nd5 17. exd5 Rxe1+ 18. Qxe1 Bxd4 19. Rb1 Nc4 20. Nf3 Bg7 21. Bg5 Qc7 22. Rd1 h6 23. Bh4 Nb2 24. Rc1 Qd7 25. Qd2 Nc4 26. Qd1 Re8 27. Bb3 Nb6 28. Bg3 h5 29. Nd4 Nxd5 30. Nxb5 Nxb4 31. Nxd6 Re7 32.
Nxb7 Qxb7 33. Kh1 Rd7 34. Qf1 Nd3 35. Rd1 Nc5 36. Bc4 a5 37. Rxd7 Qxd7 38. f3 a4 39.
Bf2 Qc6 40. Qe2 Bf8 41. g4 hxg4 42. hxg4 Qf6 43. Kg2 Bd6 44. Qe8+ Kg7 45. Qe2 Nd7 46. Qd3 Ne5 47. Qe4 Kg8 48. Bd4 Qe7 49. Bxe5 Bxe5 50. f4 Bd6 51. Qxg6+ Kf8 52. Qf5 Qc7 53.
Qd5 Bxf4 54. Qe4 Bh2 55. Kf3 Qg3+ 56. Ke2 Bg1 57. Qf3 Qe5+ 58. Kf1 Qa1+ 59. Kg2 f6 60. g5 Bd4 61. gxf6 Qb2+ 62. Kh3 Bxf6 63. Qd5 Kg7 64.
Qf7+ Kh6 65. Qd5 Qc3+ 66. Kg4 Qe3 67. Kf5 Qf2+ 68. Ke6 a3 69. Kd7 Qa7+ 70. Ke6 Qe7+ 71. Kf5 Qf8 72. Qe6 Kg7 73. Qd7+ Be7+ 74. Ke6 Qf6+ 75. Kd5 Kf8 76. Qe6 Qg5+ 77. Qe5 Qg8+ 78. Qe6 Qg2+ 79. Qe4 Qd2+ 80. Qd4 Qa5+ 81. Ke4 Qh5 82.
Qd5 Qg4+ 83. Kd3 Qg6+ 84. Qe4 Qg3+ 85. Qe3 Qd6+ 86. Qd4 Qh6 87. Qe4 Bf6 88. Qe6 Qg6+ 89. Ke2 Kg7 90. Qd7+ Kh6 91. Qd5 Qc2+ 92. Kf3 Qc3+ 93.
Ke4 Qb2 94. Kf5 Bg7 95. Ke6 Qf6+ 96. Kd7 Qf4 97. Kc6 Bf6 98. Bb5 Qc1+ 99. Bc4 Qb2 100.
Kd7 Qb6 101. Qc6 Qa7+ 102. Ke6 Qe7+ 103. Kf5 Kh5 104. Qf3+ Kh6 105. Qh3+ Bh4 106. Qd3 Qh7+ 107. Ke6 Qg8+ 108. Kd6 Qd8+ 109. Ke5 Bf6+ 110. Ke4 Qe7+ 111. Kf3 Bg5 112. Qe4 Qf6+ 113. Ke2 Qb2+ 114. Kf3 Qc3+ 115. Kg4 Qf6 116. Qe6 Bh4 117. Qxf6+ Bxf6 118. Kf5 1/2-1/2

[Event "*** Titled Tuesday Blitz"]
[Site "Chess.com"]
[Date "2020.05.05"]
[Round "1"]
[White "Man-Chuk"]
[Black "Teo2000"]
[Result "0-1"]
[WhiteElo "2748"]
[BlackElo "2422"]
[TimeControl "180+1"]
[EndTime "10:10:52 PDT"]
[Termination "Teo2000 won on time"]

1. c4 e5 2. Nc3 f5 3. d4 e4 4. a3 Nf6 5. Bg5 Be7 6. e3 O-O 7. h4 Ng4 8. Nh3 d6 9. Be2 Nf6 10. Nf4 Nc6 11. h5 Bd7 12. Qc2 a6 13. O-O-O Qc8 14.
g4 Nxg4 15. Bxe7 Nxe7 16. Bxg4 fxg4 17. h6 g6 18. Qxe4 Rf7 19. Ncd5 Nxd5 20. Nxd5 Qe8 21.
Qxe8+ Rxe8 22. Rh2 c6 23. Nf4 Bf5 24. Rg1 b5 25. cxb5 cxb5 26. Kd2 Rc8 27. Rc1 Rxc1 28. Kxc1 Rc7+ 29. Kd1 Rc2 30. Nd5 Rxb2 31. e4 g3 32. Rh1 Bg4+ 33. Kc1 Rxf2 34. Rg1 g2 35. Ne3 Bf3 36. e5 Re2 37. exd6 Kf7 38. d7 Ke7 39. Nc2 Rf2 40. Ne3 Re2 41. Nc2 Kxd7 42. d5 Rf2 43. Ne3 Ra2 44. Nc2 Be4 45. Ne1 Rf2 46. Kd1 Rf1 47. Rxg2 Bxg2 48. Ke2 Rf6 49.
Nxg2 Rd6 50. Ne3 g5 51. Kd3 Rb6 52. Ke4 Rxh6 53. Ng4 Rh1 54. Kf5 Ra1 55. Ke5 Rxa3 56. Nf6+ Kd8 57. d6 Rd3 58. Ne4 g4 59. Nc5 Rxd6 60. Kxd6 g3 61. Ne6+ Kc8 62. Nf4 h5 63.
Kd5 h4 64. Kc5 Kc7 65. Nd5+ Kb7 66. Nf4 g2 67. Nh3 Kc7 68. Ng1 Kd7 69. Kd5 Ke7 70.
Ke5 a5 71. Kd5 a4 72. Kd4 Ke6 73. Ke3 Kd5 74. Ne2 a3 75. Kf2 Kc4 76. Nc1 Kc3 77. Kxg2 Kc2 78. Na2 Kb2 79. Nb4 Kb3 80. Nc6 a2 81. Nd4+ Kc4 82. Nc2 Kc3 83. Na3 a1=Q 84. Nxb5+ Kc4 85. Nd6+ Kd5 86. Nf5 Qa2+ 87. Kh3 Qa8 88.
Kxh4 Ke5 89. Ng3 Qh8+ 90. Kg4 Qg8+ 91. Kf3 Kd4 92. Ne2+ Kd3 93. Nf4+ Kd4 94. Ne2+ Ke5 95. Ke3 Qb3+ 96. Kf2 Ke4 97. Ng3+ Kf4 98. Ne2+ Kg4 99. Ke1 Qc2 100. Kf2 Qd2 101. Kf1 Kf3 102. Ng1+ Kg3 103. Ne2+ Kg4 104. Kf2 Qa2 105. Ke3 Qa3+ 106. Kd2 Qa6 107. Nc3 Kf3 108. Kc2 Ke3 109. Kb3 Kd3 110. Na4 Qb5+ 111. Ka3 Kc2 0-1

[Event "*** Titled Tuesday Blitz"]
[Site "Chess.com"]
[Date "2020.05.05"]
[Round "2"]
[White "zmeeed67"]
[Black "bolence16"]
[Result "1-0"]
[WhiteElo "2400"]
[BlackElo "2143"]
[TimeControl "180+1"]
[EndTime "10:13:01 PDT"]
[Termination "zmeeed67 won by resignation"]

1. d4 Nf6 2. c4 g6 3. Nc3 d5 4. Bf4 Bg7 5. e3 O-O 6. cxd5 Nxd5 7. Nxd5 Qxd5 8. Bxc7 Nc6 9. Ne2 e5 10. dxe5 Qxd1+ 11. Rxd1 Nxe5 12. Nd4 Bg4 13. Be2 Bd7 14. Bxe5 Bxe5 15.
Nf3 1-0

[Event "*** Titled Tuesday Blitz"]
[Site "Chess.com"]
[Date "2020.05.05"]
[Round "2"]
[White "GM_Levan_Pantsulaia"]
[Black "Keks2017"]
[Result "1-0"]
[WhiteElo "2761"]
[BlackElo "2386"]
[TimeControl "180+1"]
[EndTime "10:13:06 PDT"]
[Termination "GM_Levan_Pantsulaia won by resignation"]

1. Nf3 Nf6 2. g3 g6 3. b3 Bg7 4. Bb2 O-O 5. Bg2 d6 6. d4 a5 7. a3 a4 8. b4 d5 9. c4 c6 10. c5 Ne4 11. Nfd2 Nxd2 12. Qxd2 f5 13. Nc3 Nd7 14. Qd1 b5 15. Nxd5 Bb7 16. Nf4 Rf6 17. d5 Rf7 18. Bxg7 1-0

[Event "*** Titled Tuesday Blitz"]
[Site "Chess.com"]
[Date "2020.05.05"]
[Round "2"]
[White "DLR7"]
[Black "saraswathii"]
[Result "1-0"]
[WhiteElo "2652"]
[BlackElo "2289"]
[TimeControl "180+1"]
[EndTime "10:13:07 PDT"]
[Termination "DLR7 won by resignation"]

1. e4 c5 2. Nf3 e6 3. b3 Nc6 4. Bb2 d5 5. exd5 exd5 6. Bb5 Bd7 7. O-O Nf6 8. Re1+ Be6 9. Bxc6+ bxc6 10. Ng5 Qd6 11.
Qe2 Kd7 12. Be5 Qe7 13. Qa6 Kd8 14. Qxc6 Rc8 15. Nxe6+ 1-0

[Event "*** Titled Tuesday Blitz"]
[Site "Chess.com"]
[Date "2020.05.05"]
[Round "2"]
[White "bait_or_mate"]
[Black "Pechen_Yeltsina"]
[Result "1-0"]
[WhiteElo "2518"]
[BlackElo "2718"]
[TimeControl "180+1"]
[EndTime "10:13:11 PDT"]
[Termination "bait_or_mate won by checkmate"]

1. d4 g6 2. e4 Bg7 3. Nc3 d6 4. Be3 a6 5. a4 Nd7 6. h3 e6 7. g4 h6 8. Bg2 Ne7 9. Nge2 b6 10. Qd2 Bb7 11. O-O Qc8 12. Rad1 g5 13. f4 gxf4 14. Nxf4 Nf6 15. e5 dxe5 16. dxe5 Nh7 17. Bxb7 Qxb7 18. Qd7+ Kf8 19. Qd8+ Rxd8 20. Rxd8# 1-0

[Event "*** Titled Tuesday Blitz"]
[Site "Chess.com"]
[Date "2020.05.05"]
[Round "2"]
[White "fridaywins"]
[Black "CarlssonLudvig"]
[Result "0-1"]
[WhiteElo "2232"]
[BlackElo "2462"]
[TimeControl "180+1"]
[EndTime "10:13:20 PDT"]
[Termination "CarlssonLudvig won by resignation"]

1. e4 e5 2. Nf3 Nc6 3. Bb5 a6 4. Ba4 Nf6 5. O-O Be7 6. Re1 b5 7. Bb3 O-O 8. c3 d5 9. exd5 Nxd5 10. Nxe5 Nxe5 11. Rxe5 c6 12. d4 Bd6 13. Re1 Qh4 14. g3 Qh3 15. Be3 Ra7 16. Bxd5 cxd5 17. Qf3 Re7 18. Nd2 Rfe8 19. Qg2 Qh5 20. Nf1 Bh3 21.
Qh1 Qf5 22. Re2 Bg4 0-1